Unix NetHack Version 5.0.0-0 post-release - last build Jul 19 2026 19:10:59 (3aa4ab31751d3886436d94b585a96704892fd477,branch:main).

Game began 2026-07-24 23:56:35, ended 2026-07-25 00:21:51.

Jinnora, neutral female human Tourist

 -----
 |....##
 |...|             -----
 |....##           |...|                             ------------
 |...|#            |.<.|##########%##################-..........|
 |...|#            |....#########-------.-----###### |..........|
 |...|##           --+--#        |C...*.....C|#      |...^>.....|
 ----- #            #####        |.....C.....|#      ------------
       ##################        |...-----...|#
        #               ##       |.....{.|...|#
        ######------------+-     |..C|{.{|C..|#
             #.............|     |@..|.{.|...|#
              |............|     |.o.-----...|#
              |............|     |..)f.C.....|#########################%*[##
              |............|     |C...u.f...C|                         -"--.--
              --------------     -------------                         |"".".|
                                                                       |.....|
                                                                       |.....|
                                                                       -------

Jinnora the Sightseer       St:10 Dx:13 Co:18 In:12 Wi:10 Ch:14  Neutral
Dlvl:7  $:0  HP:0(44) Pw:15(15) AC:7  Xp:5/196 T:4557 

Latest messages:
 The pony drops an iron skull cap.
 You swap places with your pony.
 Your large cat eats a hill orc corpse.
 a - a blessed +2 dart (at the ready) (14 in total).
 You swap places with your large cat.
 The hill orc swings his curved sword.
 The hill orc hits!
 You swap places with your large cat.
 You see here a statue of a plains centaur.
 The hill orc zaps a wand of magic missile!
 The magic missile misses the large cat.
 The magic missile whizzes by you!
 The hill orc picks up a curved sword.
 The housecat drops a blessed +2 dart.
 The hill orc zaps a wand of magic missile!
 The magic missile hits the hill orc.
 The magic missile hits you!
 The mountain nymph zaps a wand called curved nm!
 One of your lichen corpses suddenly comes alive!
 You shudder in dread.
 In what direction? 8
 The dart hits the mountain nymph.
 The hill orc picks up a blessed +2 dart.
 The mountain nymph reads a scroll labeled STRC PRST SKRZ KRK!
 The mountain nymph vanishes!
 The housecat picks up an iron skull cap.
 The housecat bites the lichen.
 The hill orc wields a curved sword!
 The housecat misses the lichen.
 The housecat misses the lichen.
 You see here a blessed +2 dart.
 The housecat drops an iron skull cap.
 The housecat misses the lichen.
 The housecat bites the lichen.
 The lichen is killed!
 a - a blessed +2 dart (at the ready) (14 in total).
 The hill orc swings his curved sword.
 The hill orc hits!
 The hill orc picks up an iron skull cap.
 You hear some noises in the distance.
 The hill orc throws a dart!
 You are hit by a dart.
 In what direction? 3
 The dart misses the hill orc.
 In what direction? 3
 The dart hits the hill orc.
 The hill orc swings his curved sword.
 The hill orc hits!
 You die...
 Do you want your possessions identified? [ynq] (y) q

Inventory:
 Weapons  (')')
  a - 12 blessed +2 darts (at the ready)
  N - 4 uncursed +0 darts
  M - 13 cursed +0 darts
  V - an uncursed +0 dagger
 Armor    ('[')
  l - an uncursed +0 Hawaiian shirt with a bird of paradise motif (being worn)
  G - an uncursed +0 studded leather armor (being worn)
 Comestibles  ('%')
  f - 2 uncursed slime molds
  p - an uncursed candy bar labeled "Chocolate Nuggie"
  d - an uncursed candy bar labeled "Crispy Yum Yum"
  g - 2 uncursed carrots
  e - 2 uncursed food rations
  Y - an uncursed fortune cookie
  c - 2 uncursed tripe rations
  v - 3 uncursed lichen corpses
 Scrolls  ('?')
  b - an uncursed scroll of charging
 Potions  ('!')
  h - a blessed potion of extra healing
  i - 2 uncursed potions of extra healing
  F - a cursed potion of gain energy
  E - a blessed potion of healing
  H - 2 uncursed potions of healing
  D - 3 cursed potions of healing
  O - a cursed potion of restore ability
  t - an uncursed potion of see invisible
  C - an uncursed potion of speed
 Wands    ('/')
  X - an uncursed wand of digging (0:4)
 Tools    ('(')
  s - an uncursed bag of holding containing 12 items
  n - an uncursed credit card
  m - an uncursed expensive camera (0:39)
  o - an uncursed magic marker (0:21)
  j - an uncursed magic whistle

Contents of the bag of holding:
  76 gold pieces
  an uncursed +0 dagger
  a blessed +1 dagger
  an uncursed scroll of enchant armor
  a blessed scroll of enchant armor
  an uncursed scroll of destroy armor
  an uncursed scroll of identify
  2 blessed scrolls of magic mapping
  an uncursed scroll of magic mapping
  2 uncursed worthless pieces of black glass
  an uncursed dilithium crystal
  a cursed amber stone

Jinnora the Tourist's attributes:

Background:
 You were a Sightseer, a level 5 female human Tourist.
 You were neutral, on a mission for The Lady
 who was opposed by Blind Io (lawful) and Offler (chaotic).
 You were right-handed.
 You were in the Dungeons of Doom, on level 7.
 You entered the dungeon 4557 turns ago.
 It was the midnight hour.
 You had 196 experience points, 124 more were needed to attain level 6.

Basics:
 You had 0 out of 44 hit points.
 You had all 15 energy points (spell power).
 Your armor class was 7.
 Your wallet was empty, but
 you had 76 zorkmids stashed away in your pack.
 Autopickup was off.

Final Characteristics:
 Your strength was 10 (limit:18/100).
 Your dexterity was 13 (limit:18).
 Your constitution was 18 (limit:18).
 Your intelligence was 12 (limit:18).
 Your wisdom was 10 (limit:18).
 Your charisma was 14 (limit:18).

Final Status:
 You weren't hungry.
 You were unencumbered.
 You were bare handed.
 You were unskilled in bare handed combat.

Final Attributes:
 You were piously aligned.
 You were poison resistant.
 You were warded.
 You are dead.

Miscellaneous:
 You didn't encounter any bones levels.
 Total elapsed playing time was 25 minutes and 16 seconds.

Major events:
 Turn
    1: Jinnora the neutral female human Tourist entered the dungeon
  381: entered the Gnomish Mines
 1485: attained the rank of Sightseer (level 3)
 4557: killed by a hill orc

Spells:
 Name                 Level Category     Fail Retention
 force bolt             1   attack        19%  76%-100%
 magic missile          2   attack       100%  76%-100%
 create monster         2   clerical     100%  76%-100%
 confuse monster        1   enchantment   19%  76%-100%

Skills:
 Fighting Skills
   bare handed combat [Unskilled]
   two weapon combat  [Unskilled]
   riding             [Unskilled]
 Weapon Skills
   dagger             [Unskilled]
   knife              [Unskilled]
   axe                [Unskilled]
   pick-axe           [Unskilled]
   short sword        [Unskilled]
   broadsword         [Unskilled]
   long sword         [Unskilled]
   two-handed sword   [Unskilled]
   saber              [Unskilled]
   mace               [Unskilled]
   morning star       [Unskilled]
   flail              [Unskilled]
   hammer             [Unskilled]
   quarterstaff       [Unskilled]
   polearms           [Unskilled]
   spear              [Unskilled]
   trident            [Unskilled]
   lance              [Unskilled]
   bow                [Unskilled]
   sling              [Unskilled]
   crossbow           [Unskilled]
   dart               [Basic]
   shuriken           [Unskilled]
   boomerang          [Unskilled]
   whip               [Unskilled]
   unicorn horn       [Unskilled]
 Spellcasting Skills
   divination spells  [Unskilled]
   enchantment spells [Unskilled]
   escape spells      [Unskilled]

Voluntary challenges:
 Character rerolling was not enabled.
 You never hit with a wielded weapon.
 You never genocided any monsters.
 You never polymorphed an object.
 You never changed form.
 You used no wishes.
Achievements:
 You entered the Gnomish Mines.
 You attained the rank of Sightseer.
 You entered a shop.

 The Dungeons of Doom: levels 1 to 8
    Level 1:
       A fountain.
    Level 2:
       A grave.
       Stairs down to The Gnomish Mines.
    Level 3:
    Level 4:
       A fountain.
    Level 5:
       A general store.
    Level 6:
       A fountain.
    Level 7: <- You were here.
       Many fountains.
       Oracle of Delphi.
       Final resting place for
          you, killed by a hill orc.
    Level 8:
 The Gnomish Mines: levels 3 to 4
    Level 3:
    Level 4:


Vanquished creatures:
  a giant spider
 an imp
  a wood nymph
  3 rock piercers
  a rock mole
  a shrieker
  a gnome leader
  a black naga hatchling
  2 gray oozes
  2 giant ants
  a floating eye
  a dwarf
  2 homunculi
  7 hill orcs
  2 rothes
  a rabid rat
  a wererat
  a werejackal
  2 iguanas
 an acid blob
  2 coyotes
  a hobbit
  a large kobold
  a hobgoblin
  3 giant rats
  4 cave spiders
  2 yellow molds
  a red mold
  2 gnomes
  a garter snake
  4 geckos
  5 jackals
  4 foxes
  a kobold
  2 goblins
  5 sewer rats
  5 grid bugs
  2 bats
 11 lichens
  2 kobold zombies
  5 newts
97 creatures vanquished.

No species were genocided or became extinct.

Game over:
                       ----------
                      /          \
                     /    REST    \
                    /      IN      \
                   /     PEACE      \
                  /                  \
                  |     Jinnora      |
                  |      76 Au       |
                  | killed by a hill |
                  |       orc        |
                  |                  |
                  |                  |
                  |       2026       |
                 *|     *  *  *      | *
        _________)/\\_//(\/(/\)/\//\/|_)_______

Aloha Jinnora the Tourist...

You died in The Dungeons of Doom on dungeon level 7 with 1144 points,
and 76 pieces of gold, after 4557 moves.
You were level 5 with a maximum of 44 hit points when you died.

